 Dungeon Crawl Stone Soup version 0.19.1-1-g22dce08 (webtiles) character file.

1153 McKennaii the Gusty (level 8, -21/48 HPs)
             Began as a High Elf Air Elementalist on Jan 12, 2017.
             Was an Initiate of Sif Muna.
             Demolished by a hill giant
             ... wielding a +0 giant club
              (27 damage)
             ... on level 6 of the Dungeon.
             The game lasted 00:13:54 (5109 turns).

McKennaii the Gusty (High Elf Air Elementalist)     Turns: 5109, Time: 00:13:55

Health: -21/48     AC:  5    Str:  7    XL:     8   Next: 16%
Magic:  9/18       EV: 13    Int: 22    God:    Sif Muna [......]
Gold:   377        SH:  0    Dex: 15    Spells: 3 memorised, 14 levels left

rFire  + . .     SeeInvis .     g - +12 mace of the Sun {freeze, rF+}
rCold  . . .     Gourm    .     a - +0 robe
rNeg   + . .     Faith    .     (no shield)
rPois  .         Spirit   .     (no helmet)
rElec  .         Reflect  .     (no cloak)
rCorr  .         Harm     .     h - +2 pair of gloves
MR     +....                    (no boots)
Stlth  ++........               (no amulet)
                                r - ring of positive energy
                                o - ring of protection from magic

@: repel missiles
A: no striking features
a: Renounce Religion


You were on level 6 of the Dungeon.
You worshipped Sif Muna.
Sif Muna was noncommittal.
You were not hungry.

You visited 2 branches of the dungeon, and saw 7 of its levels.
You also visited: Ossuary.

You collected 377 gold pieces.

Inventory:

Hand Weapons
 g - the +12 mace of the Sun (weapon) {freeze, rF+}
   (You found it on level 4 of the Dungeon)

   It has been specially enchanted to freeze those struck by it, causing extra
   injury to most foes and up to half again as much damage against particularly
   susceptible opponents.
   It can also slow down cold-blooded creatures.
   It protects you from fire.
Armour
 a - a +0 robe (worn)
 h - a +2 pair of gloves (worn)
Jewellery
 o - a ring of protection from magic (left hand)
 r - a ring of positive energy (right hand)
Scrolls
 d - 2 scrolls of blinking {unknown}
 f - a scroll of immolation {unknown}
 i - 2 scrolls of amnesia {unknown}
 k - 4 scrolls of teleportation {unknown}
 l - 7 scrolls of identify {unknown}
 n - 2 scrolls of random uselessness {unknown}
 p - 3 scrolls of magic mapping {unknown}
 t - a scroll of remove curse {unknown}
 w - 2 scrolls of enchant armour {unknown}
 x - a scroll of enchant weapon {unknown}
 y - a scroll of holy word {unknown}
 B - a scroll of recharging {unknown}
Potions
 e - 2 potions of flight {unknown}
 m - 3 potions of heal wounds {unknown}
 q - 2 potions of ambrosia {unknown}
 s - 2 potions of curing {unknown}
 u - 4 potions of cancellation {unknown}
 v - 2 potions of mutation {unknown}
 z - a potion of degeneration {unknown}
 A - 3 potions of haste {unknown}
 E - a potion of berserk rage {unknown}
 G - a potion of invisibility {unknown}
Books
 b - a book of Air

   Spells                             Type                      Level
   a - Shock                          Conjuration/Air              1
   b - Swiftness                      Charms/Air                   2
   c - Repel Missiles                 Charms/Air                   2
   d - Static Discharge               Conjuration/Air              3
   e - Lightning Bolt                 Conjuration/Air              5
 D - a book of Maledictions

   Spells                             Type                      Level
   a - Corona                         Hexes                        1
   b - Ensorcelled Hibernation        Hexes/Ice                    2
   c - Confuse                        Hexes                        3
   d - Tukima's Dance                 Hexes                        3
   e - Dazzling Spray                 Conjuration/Hexes            3
Comestibles
 c - 4 bread rations
 j - 4 fruits
 C - a royal jelly
 F - 2 meat rations


   Skills:
 + Level 1.6 Fighting
 - Level 1.7 Maces & Flails
 + Level 3.1 Dodging
 + Level 3.0 Stealth
 + Level 0.2 Unarmed Combat
 + Level 6.2 Spellcasting
 + Level 5.1 Conjurations
 + Level 7.0 Air Magic


You had 14 spell levels left.
You knew the following spells:

 Your Spells              Type           Power        Failure   Level  Hunger
a - Shock                 Conj/Air       ####         1%          1    None
b - Swiftness             Chrm/Air       ###.....     3%          2    None
c - Repel Missiles        Chrm/Air       ###...       3%          2    None


Dungeon Overview and Level Annotations

Branches:
Dungeon (6/15)             Temple (1/1) D:4

Altars:
Cheibriados
Dithmenos
Elyvilon
Fedhas
Gozag
Hepliaklqana
Makhleb
Nemelex Xobeh
Qazlal
Ru
Sif Muna
Trog
Uskayaw
Vehumet
Xom
Yredelemnul
Zin


Message History

Casting: Shock
Confirm with . or Enter, or press ? or * to list all spells.
Aiming: Shock
Press: ? - help, Shift-Dir - straight line The zap hits the hill giant.
The hill giant is almost dead.
The zap hits the hill giant.
The hill giant is almost dead.
The hill giant misses you.
Casting: Shock
Confirm with . or Enter, or press ? or * to list all spells.
Aiming: Shock
Press: ? - help, Shift-Dir - straight line The zap hits the hill giant.
The hill giant is almost dead.
The zap hits the hill giant.
The hill giant appears unharmed.
The hill giant is almost dead.
The hill giant hits you with a giant club!!
Ouch! That really hurt!
You die...

##.##
#.#
#.#
#.#
#.#
#.#
#.#
###C##
#...@#
#....#
#.<..#
#....#
#....#
######


You could see a hill giant.

Vanquished Creatures
  The ghost of kosh the Slasher, an amateur DsMo (Ossuary)
  An ogre (D:4)
  An elf zombie (Ossuary)
  A scorpion (D:5)
  A howler monkey (D:5)
  A bullfrog zombie (D:5)
  2 centaur zombies (Ossuary)
  A human zombie (Ossuary)
  2 orc wizards (D:4)
  An orc priest (D:5)
  Jessica (D:2)
  An iguana (D:6)
  A worker ant (D:3)
  A big kobold zombie (Ossuary)
  3 mummies (Ossuary)
  3 hound zombies (Ossuary)
  A worker ant zombie (D:5)
  3 gnolls (D:4)
  11 adders
  2 oozes
  8 adder zombies (Ossuary)
  5 worms
  A dart slug (D:1)
  3 leopard geckos
  13 orcs
  3 ball pythons
  4 giant cockroaches
  2 gnoll zombies (Ossuary)
  5 hobgoblins
  7 jackals (D:2)
  5 quokkas
  17 bats
  8 frilled lizards
  9 goblins
  3 goblin zombies (Ossuary)
  2 hobgoblin zombies (Ossuary)
  2 jackal zombies (Ossuary)
  5 kobolds
  4 kobold zombies (Ossuary)
  2 orc zombies (Ossuary)
  A quokka zombie (Ossuary)
  10 rats
  4 rat zombies (Ossuary)
162 creatures vanquished.

Notes
Turn   | Place    | Note
-------+----------+-------------------------------------------
     0 | D:1      | McKennaii the High Elf Air Elementalist began the quest for the Orb.
     0 | D:1      | Reached XP level 1. HP: 11/11 MP: 4/4
   254 | D:1      | Reached skill level 4 in Air Magic
   314 | D:1      | Reached XP level 2. HP: 9/17 MP: 4/6
   318 | D:1      | Learned a level 2 spell: Swiftness
   321 | D:1      | Learned a level 2 spell: Repel Missiles
   873 | D:2      | Reached XP level 3. HP: 21/21 MP: 1/7
  1142 | D:2      | Found a stormy altar of Qazlal.
  1154 | D:2      | Found an opulent altar of Gozag.
  1165 | D:2      | Noticed Jessica
  1184 | D:2      | Killed Jessica
  1184 | D:2      | Reached XP level 4. HP: 12/27 MP: 0/9
  1958 | D:3      | Reached XP level 5. HP: 29/31 MP: 4/11
  1985 | D:3      | Reached skill level 5 in Air Magic
  2150 | D:3      | Found a sparkling altar of Nemelex Xobeh.
  2887 | D:4      | Reached XP level 6. HP: 36/36 MP: 7/13
  2988 | D:4      | Got a dazzling mace
  3058 | D:4      | Found a sand-covered staircase.
  3065 | Ossuary  | Entered an ossuary
  3065 | Ossuary  | Noticed kosh's ghost (amateur DsMo)
  3087 | Ossuary  | Killed kosh's ghost
  3087 | Ossuary  | Reached skill level 5 in Spellcasting
  3087 | Ossuary  | Reached skill level 6 in Air Magic
  3087 | Ossuary  | Reached XP level 7. HP: 30/41 MP: 5/15
  3182 | Ossuary  | Identified the +12 mace of the Sun {freeze, rF+} (You found it on level 4 of the Dungeon)
  3356 | Ossuary  | Reached skill level 1 in Fighting
  3356 | Ossuary  | Reached skill level 1 in Maces & Flails
  3851 | D:4      | Found a staircase to the Ecumenical Temple.
  3922 | Temple   | Entered the Ecumenical Temple
  4008 | Temple   | Became a worshipper of Sif Muna the Loreminder
  4482 | D:5      | Entered Level 5 of the Dungeon
  4528 | D:5      | Reached skill level 5 in Conjurations
  4604 | D:5      | Reached XP level 8. HP: 48/48 MP: 13/17
  5087 | D:6      | Noticed a hill giant
  5089 | D:6      | Reached skill level 7 in Air Magic
  5109 | D:6      | Demolished by a hill giant

Skill      XL: |  1  2  3  4  5  6  7  8 |
---------------+-------------------------+-----
Air Magic      | 4 5 6 7 |  7.0
Conjurations   | 2 3 4 5 |  5.1
Spellcasting   | 3 4 5 6 |  6.2
Fighting       | 1 |  1.6
Maces & Flails | 1 |  1.7
Stealth        | 3 |  3.0
Dodging        | 3 |  3.1
Unarmed Combat | |  0.2

Action                   |  1- 3 |  4- 6 |  7- 9 || total
-------------------------+-------+-------+-------++-------
Melee: Unarmed           |    42 |     1 |       ||    43
       Mace              |       |       |    70 ||    70
 Cast: Shock             |    71 |   126 |   123 ||   320
       Repel Missiles    |     1 |       |       ||     1
  Eat: Fruit             |       |     4 |       ||     4
       Pizza             |       |     1 |     1 ||     2
       Royal jelly       |       |     1 |       ||     1
       Bread ration      |       |       |     1 ||     1
Armor: Robe              |    14 |    12 |    21 ||    47
Dodge: Dodged            |    49 |    25 |    80 ||   154
